 Dungeon Crawl Stone Soup version 0.30-a0-170-g85af917532 (webtiles) character file.

Game seed: 14011819236332226911

39 qw the Chopper (level 3, -2/23 HPs)
             Began as a Gargoyle Fighter on Sept 30, 2022.
             Slain by a goblin
             ... wielding a +0 dagger
             ... led by Robin
              (5 damage)
             ... on level 2 of the Dungeon.
             The game lasted 00:00:26 (1702 turns).

qw the Chopper (Gargoyle Fighter)                   Turns: 1702, Time: 00:00:27

Health: -2/23      AC: 10    Str: 21    XL:     3   Next: 45%
Magic:  3/3        EV:  9    Int:  8    God:
Gold:   43         SH:  4    Dex:  9    Spells: 2/2 levels left

rFire   . . .      SeeInvis .    Y - +0 war axe
rCold   + . .      Faith    .    c - +0 buckler
rNeg    + . .      Spirit   .    b - +0 scale mail
rPois   inf        Reflect  .    (no helmet)
rElec   +          Harm     .    (no cloak)
rCorr   .          Rampage  .    (no gloves)
Will    .....                    (no boots)
Stlth   ..........               (no amulet)
HPRegen 0.07/turn                h - ring of protection from cold
MPRegen 0.08/turn                (no ring)

@: about to teleport
A: sickness immunity, AC +3, negative energy resistance 1, electricity
resistance, torment resistance 1, petrification resistance
a: no special abilities


You were on level 2 of the Dungeon.
You visited 1 branch of the dungeon, and saw 2 of its levels.

You collected 43 gold pieces.


Innate Abilities, Weirdness & Mutations

You are immune to sickness and miasma.
Your stone body is resilient. (AC +3)
You are immune to poison.
You resist negative energy. (rN+)
You are resistant to electric shocks. (rElec)
You are resistant to unholy torment.
You are immune to petrification.


   Skills:
 - Level 3.2 Fighting
 + Level 3.4 Axes
 - Level 3.2 Armour
 - Level 3.2 Shields


You had 2 spell levels left.
You didn't know any spells.
Your spell library was empty.

Inventory:

Hand Weapons
 e - a +0 mace
 Y - a +0 war axe (weapon)
Armour
 b - a +0 scale mail (worn)
 c - a +0 buckler (worn)
Jewellery
 h - a ring of protection from cold (left hand)
Scrolls
 f - a scroll of enchant armour {unknown}
 g - a scroll of teleportation
Potions
 a - a potion of curing {unknown}
 d - a potion of might
 i - a potion of heal wounds {unknown}
 j - a potion of berserk rage {unknown}

Dungeon Overview and Level Annotations

Branches:
Dungeon (2/15)

Altars:

Annotations:
D:2 Robin, Sigmund


Message History

You hit the goblin but do no damage. You slash the goblin!
You kill the goblin!
You hit the goblin. x2
You kill the goblin!
The goblin barely misses you. x2
Sigmund the Dreaded comes into view.
He is wielding a +0 scythe.
You block the goblin's attack. The goblin barely misses you.
Sigmund mumbles some strange words.
Sigmund flickers and vanishes!
Deactivating autopickup; reactivate with Ctrl-A.
The goblin hits you with a +0 dagger. The hobgoblin closely misses you.
You closely miss the goblin.
The goblin is severely wounded.
You closely miss the goblin. You hit the hobgoblin. You miss the goblin.
You block the goblin's attack. The goblin hits you but does no damage.
The goblin barely misses you. You block the hobgoblin's attack.
The goblin closely misses you.
You barely miss the goblin.
The goblin is severely wounded.
You hit the goblin.
You kill the goblin!
You slash the hobgoblin!
You kill the hobgoblin!
You closely miss the goblin.
The goblin hits you with a +0 dagger. x2
1701 ||| READING 2 scrolls of teleportation.
As you read the scroll of teleportation, it crumbles to dust.
You feel strangely unstable. The goblin closely misses you.
The goblin hits you but does no damage. You block the rat's attack.
The goblin hits you with a +0 dagger. Robin throws the goblin at you!
The goblin hits you but does no damage.
You completely miss the goblin.
The goblin is severely wounded.
You closely miss the goblin. x2; You slash the goblin!
You kill the goblin!
You slash the rat!
You kill the rat!
The goblin barely misses you. The goblin hits you but does no damage.
The goblin hits you with a +0 dagger.
You die...

##########
#........#
###..###.####
#........g######.#
#........)@g.....#
#........)gg......
#.........#g......
#.................
#.................
#.........#.......
#.........#.......
####.........
.......
#........####


You could see Robin and 4 goblins.

Vanquished Creatures
  2 dart slugs (D:1)
  4 ball pythons
  A giant cockroach (D:2)
  12 goblins
  3 hobgoblins
  2 kobolds
  A quokka (D:1)
  2 bats (D:1)
  4 frilled lizards (D:1)
  3 rats
34 creatures vanquished.

Notes
Turn   | Place    | Note
-------+----------+-------------------------------------------
     0 | D:1      | qw the Gargoyle Fighter began the quest for the Orb.
     0 | D:1      | Reached XP level 1. HP: 14/14 MP: 1/1
     0 | D:1      | 0 ||| qw: Version: 0.2-a-12-gaebbb33
     0 | D:1      | 0 ||| qw: Game counter: 1555
     0 | D:1      | 0 ||| qw: Always use a shield: true
     0 | D:1      | 0 ||| qw: God list: Okawaru
     0 | D:1      | 0 ||| qw: Allow faded altars: false
     0 | D:1      | 0 ||| qw: Do Orc after D:15 true
     0 | D:1      | 0 ||| qw: Do second Lair branch before Depths: true
     0 | D:1      | 0 ||| qw: Lair rune preference: random
     0 | D:1      | 0 ||| qw: Plans: Normal, Zot:1-4, God:TSO, Crypt, Tomb,
                  | Pan, Slime:5, Hells, Abyss, Orb
     0 | D:1      | 0 ||| PLANNING D:1-11
   376 | D:1      | Reached XP level 2. HP: 19/19 MP: 2/2
   827 | D:1      | 827 ||| Stepping ~*~*~tactically~*~*~ (stealth).
   853 | D:1      | 853 ||| Stepping ~*~*~tactically~*~*~ (hiding).
   968 | D:1      | 968 ||| Stepping ~*~*~tactically~*~*~ (stealth).
   970 | D:1      | 970 ||| Stepping ~*~*~tactically~*~*~ (stealth).
  1052 | D:1      | Reached skill level 3 in Axes
  1471 | D:1      | 1471 ||| UPGRADING to ring of protection from cold.
  1472 | D:1      | 1472 ||| READING scroll labelled AZE CIOTEWKA.
  1473 | D:1      | 1473 ||| READING 2 scrolls labelled YGOTAFR FIRU.
  1498 | D:2      | Reached XP level 3. HP: 23/23 MP: 3/3
  1693 | D:2      | Noticed Robin
  1698 | D:2      | Noticed Sigmund
  1700 | D:2      | HP: 4/23 [goblin/+0 dagger[Robin] (2)]
  1701 | D:2      | 1701 ||| READING 2 scrolls of teleportation.
  1702 | D:2      | Slain by a goblin

Levels and vault maps discovered:
D:1:      matt_arrival_refuge, layout_loops_ring, serial_forest,
          infiniplex_forest_clump_diagonal, infiniplex_forest_lined_room_,
          infiniplex_forest_straight_2, infiniplex_forest_clump_small,
          infiniplex_forest_lined_corner, infiniplex_forest_clump_large,
          infiniplex_forest_clump_diagonal
D:2:      layout_rooms, basic_altar, shapermc_ecumenical_altar_notcrosses,
          uniq_sigmund, uniq_robin

Skill      XL: |  1  2 |
---------------+-------+-----
Axes           | 2 3 |  3.4
Fighting       | |  3.2
Armour         | |  3.2
Shields        | |  3.2

Action                   || total
-------------------------++-------
Melee: War axe           ||    91
  Use: Scroll            ||     3
Armor: Scale mail        ||    49
Dodge: Dodged            ||    49
Block: Buckler           ||    15

Table legend:
 A = Non-vault XP
 B = Vault XP
 C = Vault XP percentage of total XP
 D = Non-vault monster count
 E = Vault monster count
 F = Vault count percentage of total count
                 A         B        C        D         E       F
            +---------+---------+-------+---------+---------+-------
      Total |      44 |      15 |  25.4 |      26 |       8 |  23.5
            +---------+---------+-------+---------+---------+-------
        D:1 |      33 |       0 |   0.0 |      19 |       0 |   0.0
        D:2 |      11 |      15 |  57.7 |       7 |       8 |  53.3
            +---------+---------+-------+---------+---------+-------
